 Dungeon Crawl Stone Soup version 0.31-a0-848-gaac375c287 (webtiles) character file.

Game seed: 7031589602704252054

20414 Kurtz the Cleaver (level 12, -2/94 HPs)
             Began as a Mummy Delver on Oct 4, 2023.
             Was an Initiate of Gozag.
             Slain by a salamander
             ... wielding a +2 glaive of flaming
              (4 damage)
             ... in a volcano.
             The game lasted 00:38:52 (18058 turns).

Kurtz the Cleaver (Mummy Delver)                   Turns: 18058, Time: 00:38:54

Health: -2/94      AC: 15    Str: 16    XL:     12   Next: 45%
Magic:  0/4        EV: 12    Int:  9    God:    Gozag
Gold:   72         SH:  0    Dex: 18    Spells: 11/11 levels left

rFire   . . .        L - +5 war axe (antimagic)
rCold   . . .        (no shield)
rNeg    + + +        m - +1 plate armour {rN+}
rPois   ∞            h - +2 hat
rElec   .            (no cloak)
rCorr   .            (no gloves)
SInv    .            (no boots)
Will    +....        v - amulet of guardian spirit Stlth
                     q - ring of fire
HPRegen 0.35/turn    l - +5 ring of evasion
MPRegen 0.09/turn

%: guardian spirit, faith
@: gold aura
A: cold resistance 1, negative energy resistance 3, torment resistance 2, heat
vulnerability 1, in touch with death 1, no potions, faith
a: Renounce Religion, Potion Petition, Call Merchant, Bribe Branch


You were in a volcano.
You worshipped Gozag.
Gozag was noncommittal.
You visited 2 branches of the dungeon, and saw 13 of its levels.
You also visited: Sewer, Ossuary, Bailey and Volcano.

You collected 2467 gold pieces.
You spent 104 gold pieces at shops.
You paid 2291 gold pieces to Gozag.

Inventory:

Hand Weapons
 j - a +1 war axe of flaming
 o - a +6 heavy hand axe
 s - a +1 spear of venom
 x - a +2 whip of electrocution
 B - a +1 flail of protection
 H - a +1 broad axe
 L - a +5 antimagic war axe (weapon)
Missiles
 E - 20 poisoned darts
Armour
 h - a +2 hat (worn)
 i - a +2 ring mail of fire resistance
 m - a +1 plate armour of positive energy (worn)
 r - a +0 helmet of intelligence
 w - a +1 scale mail of poison resistance
Jewellery
 b - a ring of willpower
 l - a +5 ring of evasion (right hand)
 p - a ring of protection from cold
 q - a ring of fire (left hand)
 v - an amulet of guardian spirit (around neck)
 A - an amulet of faith
 G - a ring of flight
 I - a ring of protection from cold
 M - a +4 ring of protection
 N - a +6 ring of dexterity
Wands
 f - a wand of digging (8)
Scrolls
 c - 4 scrolls of fog
 e - 4 scrolls of fear
 g - 3 scrolls of torment
 k - 4 scrolls of teleportation
 n - a scroll of blinking
 t - 3 scrolls of poison
 u - 3 scrolls of vulnerability
 y - a scroll of enchant armour
 C - 3 scrolls of noise
 F - 3 scrolls of amnesia
 J - 6 scrolls of identify
 K - a scroll of immolation


   Skills:
 + Level 8.8 Fighting
 * Level 14.3 Axes
 - Level 4.6 Armour
 * Level 6.2 Dodging
 - Level 4.1 Stealth


You had 11 spell levels left.
You didn't know any spells.
Your spell library contained the following spells:

 Spells                   Type           Power      Damage    Failure   Level
 Apportation              Tloc           0%         N/A       100%        1
 Freeze                   Ice            0%         1d3       100%        1
 Necrotise                Necr           0%         1d4       100%        1
 Shock                    Conj/Air       0%         1d3       100%        1
 Slow                     Hex            0%         N/A       100%        1
 Summon Small Mammal      Summ           0%         N/A       100%        1
 Cigotuvi's Dreadful Rot  Necr/Pois/Air  0%         N/A       100%        2
 Lesser Beckoning         Tloc           0%         N/A       100%        2
 Call Canine Familiar     Summ           0%         N/A       100%        3
 Confusing Touch          Hex            0%         N/A       100%        3
 Frozen Ramparts          Ice            0%         1d1       100%        3
 Gell's Gravitas          Tloc           0%         N/A       100%        3
 Hailstorm                Conj/Ice       0%         3d3       100%        3
 Sigil of Binding         Hex            0%         N/A       100%        3
 Summon Guardian Golem    Hex/Summ       0%         N/A       100%        3
 Swiftness                Air            0%         N/A       100%        3
 Teleport Other           Tloc           0%         N/A       100%        3
 Vampiric Draining        Necr           0%         2d6       100%        3
 Volatile Blastmotes      Fire/Tloc      0%         2d10      100%        3
 Airstrike                Air            0%         2d(0-16)  100%        4
 Manifold Assault         Tloc           0%         N/A       100%        4
 Summon Ice Beast         Ice/Summ       0%         N/A       100%        4
 Agony                    Necr           0%         N/A       100%        5
 Dispersal                Tloc           0%         N/A       100%        6
 Disjunction              Tloc           0%         N/A       100%        8
 Fire Storm               Conj/Fire      0%         5d1       100%        9
 Simulacrum               Ice/Necr       Unusable   N/A       N/A         6

Dungeon Overview and Level Annotations

Branches:
Dungeon (11/15)            Temple (0/1) D:6            Lair (2/5) D:10
  Swamp (0/4) Lair:2        Sewer (visited)         Ossuary (visited)
 Bailey (visited)         Volcano (1/1)
  Snake: Lair:2-3    Spider: Lair:2-3       Orc: D:9-12

Altars:
Ashenzari
Cheibriados
Gozag
Makhleb
Trog
Uskayaw
Yredelemnul

Shops:
D:1 :   D:4 ?   D:6 =

Annotations:
D:3 exclusion: 2 downstairs
D:4 exclusion: downstairs
D:5 2 runed translucent doors, Rudyous's ghost, novice DsCj
D:9 exclusion: downstairs
Lair:1 3 exclusions


Innate Abilities, Weirdness & Mutations

You are immune to poison.
Your flesh is cold resistant. (rC+)
You are immune to negative energy. (rN+++)
You are immune to unholy pain and torment.
You are vulnerable to heat. (rF-)
You are in touch with the powers of death.
You do not drink.
You have a special connection with the divine. (Faith)


Message History

[a] - 377 gold - heal wounds and magic [b] - 728 gold - heal wounds, magic, resistance and enlightenment [c] - 696 gold - haste, heal wounds, resistance and might Purchase which effect?
You no longer have enough gold to petition Gozag for potion effects.
You feel much better. Magic courses through your body.
The salamander hits you with a +2 glaive of flaming!!
You are engulfed in flames!
The salamander burns you.
You hit the salamander but do no damage.
The salamander is lightly wounded.
The salamander hits you with a +2 glaive of flaming.
You are engulfed in flames!
The salamander burns you.
You hit the salamander but do no damage.
The salamander is lightly wounded.
Unknown command.
You hit the salamander but do no damage.
The salamander is lightly wounded.
The salamander hits you with a +2 glaive of flaming.
You are engulfed in flames!
* * * LOW HITPOINT WARNING * * *
The salamander burns you.
* * * LOW HITPOINT WARNING * * *
You slash the salamander!
The salamander is heavily wounded.
Unknown command.
You hit the salamander.
The salamander is heavily wounded.
The salamander hits you but does no damage.
Unknown command.
You slash the salamander!
The salamander is severely wounded.
You closely miss the salamander.
The salamander is severely wounded.
The salamander hits you with a +2 glaive of flaming!
* * * LOW HITPOINT WARNING * * *
You are engulfed in flames!
* * * LOW HITPOINT WARNING * * *
The salamander burns you.
You die...
Your body crumbles into a pile of gold.

♣♣♣♣..♣♣≈≈≈♣♣...♣≈≈≈°
♣♣♣♣§§§§...♣.P≈§≈○
≈§§○≈≈.P...P.P≈○≈ §
≈≈≈≈≈......P§§§○≈
♣≈≈§≈≈....♣...P≈≈≈§
♣...♣♣♣.P.....§≈≈§≈
..P......♣.P.♣≈§≈§#
♣...♣...$...§§§≈≈
§......♣).@♣≈§§≈≈#
≈§♣♣..♣♣♣♣♣N≈○○≈§#
♣♣♣ ≈§≈≈≈## §§°≈##
§§§## ≈≈## ≈## ##


You could see a salamander (poisoned, slow).

Vanquished Creatures
  A centaur warrior (D:10)
  4 two-headed ogres
  Pikel (D:4)
  A deep elf pyromancer (Bailey)
  An orc knight (Bailey)
  A manticore (D:9)
  A cyclops (D:10)
  A black mamba (Lair:1)
  Joseph (D:7)
  Maggie (D:6)
  6 komodo dragons
  A troll (D:10)
  A hornet (D:8)
  Prince Ribbit (D:7)
  A shadow (D:9)
  Sigmund (D:3)
  2 wraiths
  A fire bat (Volcano)
  Eustachio (D:4)
  26 yaks
  Grum (D:10)
  A human (D:6)
  4 steam dragons
  Menkaure (D:7)
  Edmund (D:6)
  4 water moccasins
  A black bear (Lair:1)
  A sky beast (D:7)
  A swamp drake (D:8)
  6 orc warriors
  4 ogres
  2 ice beasts
  14 wolves
  A boggart (Bailey)
  4 centaurs
  A lemure (D:3)
  4 phantoms
  4 kobold brigands
  4 elf zombies (Ossuary)
  5 bullfrogs
  4 scorpions
  5 wights
  6 killer bees
  A lava snake (Lair:1)
  4 human zombies (Ossuary)
  3 jellies
  An orc priest (D:9)
  2 hounds
  3 quasits (D:8)
  4 centaur zombies (Ossuary)
  Crazy Yiuf (D:3)
  4 iguanas
  An orc wizard (D:3)
  3 mummies (Ossuary)
  7 gnolls
  2 river rats (Sewer)
  6 adders
  2 shadow imps (D:8)
  2 white imps
  4 ufetubi
  5 worms
  2 dart slugs
  23 orcs
  8 ball pythons
  7 endoplasms
  2 giant cockroaches
  13 goblins
  10 hobgoblins
  9 jackals
  12 kobolds
  2 quokkas
  5 bats
  7 frilled lizards
  A goblin zombie (D:6)
  A jackal zombie (D:6)
  10 rats
300 creatures vanquished.

Vanquished Creatures (collateral kills)
  An ogre (D:5)
1 creature vanquished.

Vanquished Creatures (others)
  A deep elf pyromancer (D:11)
  3 orcs
4 creatures vanquished.

Grand Total: 305 creatures vanquished

Notes
Turn   | Place    | Note
-------+----------+-------------------------------------------
     0 | D:5      | Kurtz the Mummy Delver began the quest for the Orb.
     0 | D:5      | Reached XP level 1. HP: 18/18 MP: 1/1
    17 | D:5      | Noticed an ogre
    62 | D:4      | Reached skill level 2 in Axes
    98 | D:4      | Reached XP level 2. HP: 2/24 MP: 2/2
   819 | D:2      | Reached XP level 3. HP: 29/29 MP: 3/3
   893 | D:2      | Reached skill level 3 in Axes
  1191 | D:2      | Found a faded altar of an unknown god.
  1525 | D:1      | Reached XP level 4. HP: 30/35 MP: 4/4
  1860 | D:1      | Found Cany's Book Boutique.
  2174 | D:1      | Reached skill level 4 in Axes
  2517 | D:3      | Noticed Sigmund
  2553 | D:3      | Killed Sigmund
  2554 | D:3      | Reached skill level 5 in Axes
  2554 | D:3      | Reached XP level 5. HP: 4/41 MP: 5/5
  2554 | D:3      | Reached XP level 6. HP: 5/47 MP: 6/6
  3040 | D:3      | Found a runed translucent door.
  3041 | D:3      | Noticed Crazy Yiuf
  3188 | D:3      | Found a snail-covered altar of Cheibriados.
  3300 | D:3      | Found an opulent altar of Gozag.
  3712 | D:4      | Noticed Pikel
  3978 | D:4      | Reached skill level 6 in Axes
  4142 | D:4      | Found Kegihaf's Magic Scroll Shop.
  4160 | D:4      | Bought a scroll of identify for 22 gold pieces
  4160 | D:4      | Bought a scroll of blinking for 82 gold pieces
  4228 | D:4      | Your ally Pikel died
  4229 | D:4      | Reached skill level 7 in Axes
  4229 | D:4      | Reached XP level 7. HP: 9/52 MP: 7/7
  4875 | D:4      | Reached skill level 1 in Armour
  4875 | D:4      | Reached XP level 8. HP: 58/58 MP: 8/8
  4883 | D:5      | Noticed Eustachio
  5100 | D:4      | Killed Eustachio
  5231 | D:5      | Found a large runed translucent door.
  5231 | D:5      | Found a large runed translucent door.
  5548 | D:5      | Noticed Rudyous's ghost (novice DsCj)
  5674 | D:6      | Noticed Edmund
  5744 | D:6      | Found a glowing drain.
  5754 | Sewer    | Entered a sewer
  6099 | D:6      | Found a staircase to the Ecumenical Temple.
  6106 | D:6      | Noticed Maggie
  6346 | D:6      | Killed Edmund
  6635 | D:6      | Found Voehihef's Jewellery Boutique.
  6659 | D:6      | Reached skill level 5 in Fighting
  6659 | D:6      | Reached XP level 9. HP: 50/68 MP: 7/9
  6938 | D:3      | Became a worshipper of Gozag Ym Sagoz the Greedy
  7295 | D:7      | Noticed Joseph
  7327 | D:7      | Killed Joseph
  7431 | D:6      | Killed Maggie
  7432 | D:6      | Reached skill level 8 in Axes
  7552 | D:6      | Identified the +0 scale mail of the Blind Marksman
                  | {*Corrode Regen+ Stlth+}
  7609 | D:6      | Found a runed translucent door.
  7612 | D:6      | Found a basalt altar of Yredelemnul.
  7842 | D:3      | Killed Crazy Yiuf
  8227 | D:7      | Reached skill level 9 in Axes
  8238 | D:7      | Noticed Prince Ribbit
  8249 | D:7      | Killed Prince Ribbit
  8505 | D:7      | Noticed Menkaure
  8516 | D:7      | Killed Menkaure
  8631 | D:8      | Found a bloodstained altar of Trog.
  8679 | D:8      | Found a flagged portal.
  8692 | Bailey   | Entered a bailey
  8774 | Bailey   | Reached XP level 10. HP: 75/76 MP: 10/10
  8801 | Bailey   | Noticed an orc knight
  8824 | Bailey   | Killed an orc knight
  8825 | Bailey   | Reached skill level 10 in Axes
  9061 | Bailey   | Found a large runed translucent door.
  9061 | Bailey   | Found a large runed translucent door.
  9062 | Bailey   | Noticed a deep elf pyromancer
  9077 | Bailey   | Killed a deep elf pyromancer
  9105 | Bailey   | Identified the +4 shortbow of Ragnarok {flame, rPois Will-
                  | rCorr Stlth+}
  9111 | Bailey   | Got an unusual book
  9241 | D:8      | Found a sand-covered staircase.
  9246 | Ossuary  | Entered an ossuary
  9689 | D:8      | Found a burning altar of Makhleb.
 10071 | D:8      | Reached skill level 11 in Axes
 11502 | D:9      | Noticed a manticore
 11537 | D:9      | Killed a manticore
 11538 | D:9      | Reached XP level 11. HP: 75/83 MP: 3/11
 11756 | D:9      | Found a broken altar of Ashenzari.
 12310 | D:10     | Entered Level 10 of the Dungeon
 12310 | D:10     | Noticed a two-headed ogre
 12474 | D:10     | Noticed Grum
 12781 | D:10     | Killed a two-headed ogre
 12782 | D:10     | Reached skill level 12 in Axes
 12782 | D:10     | Reached skill level 5 in Dodging
 13558 | D:10     | Noticed a two-headed ogre
 14062 | D:10     | Found a staircase to the Lair.
 14298 | D:10     | Noticed a centaur warrior
 14298 | D:10     | Noticed a skeletal warrior
 14298 | D:10     | Noticed a skeletal warrior
 14298 | D:10     | Noticed a skeletal warrior
 14298 | D:10     | Noticed a skeletal warrior
 14298 | D:10     | Noticed a skeletal warrior
 14317 | D:11     | Noticed a deep elf pyromancer
 14320 | D:11     | Killed a deep elf pyromancer
 14321 | D:11     | Reached skill level 13 in Axes
 14441 | D:10     | Noticed a two-headed ogre
 14458 | D:10     | Killed a two-headed ogre
 14728 | D:10     | Killed a two-headed ogre
 14828 | D:10     | Found a hide-covered altar of Uskayaw.
 14898 | D:10     | Killed Grum
 15106 | D:10     | Killed a centaur warrior
 15107 | D:10     | Reached XP level 12. HP: 50/92 MP: 2/12
 15309 | D:10     | Identified the +3 scale mail of the Orcish Mines {-Tele
                  | Regen+ Int-4 Stlth+}
 15824 | Lair:1   | Entered Level 1 of the Lair of Beasts
 16705 | Lair:1   | Reached skill level 14 in Axes
 17487 | Lair:2   | Found a dark tunnel.
 17490 | Volcano  | Entered a volcano
 17753 | Volcano  | Noticed a two-headed ogre
 17810 | Volcano  | Killed a two-headed ogre
 18058 | Volcano  | HP: 2/94 [salamander/+2 glaive of flaming (12)]
 18058 | Volcano  | Slain by a salamander

Illustrated notes

Levels and vault maps discovered:
D:1:      dpeg_arrival_signposts, layout_rooms, serial_shops,
          nicolae_diamond_shop
D:2:      layout_loops_ring, hellmonk_ecumenical_altar_zigzags, st_stairs_8
D:3:      layout_loops_corners, lemuel_crystal_altar, general_overflow_altar,
          uniq_crazy_yiuf_cottage, uniq_sigmund
D:4:      layout_loops_cross, serial_shops, nicolae_shop_hallway_plus,
          minmay_pentomino_pile, uniq_pikel
D:5:      layout_rooms, ebering_ghost_disaster_area,
          chequers_serial_rivers_small_3, uniq_eustachio
D:6:      layout_basic, dk_yredelemnul_ordeal, minmay_temple_entry_offerings,
          serial_shops, shop, cheibrodos_sewer_entry_drain, uniq_edmund,
          uniq_maggie
D:7:      layout_rooms, dk_noncrumbling_4, uniq_prince_ribbit1, uniq_joseph,
          uniq_menkaure
D:8:      layout_loops_ring, mainiacjoe_overflow_brackets, trog_antimagical,
          enter_ossuary_2, serial_demonic, serial_demonic_d, serial_demonic_b,
          serial_demonic_g, serial_demonic_a, enter_bailey_5
D:9:      layout_basic, lemuel_doored_altar
D:10:     kennysheep_blocky_hall, layout_irregular_city,
          nicolae_uskayaw_dance_studio, david_lair_shrubbed,
          minmay_fractal_squares_diagonal_5, uniq_grum
D:11:     layout_loops_corners, hangedman_decor_slide_cut,
          nicolae_figureground_sparkle, uniq_harold
Lair:1:   layout_chaotic_city, nicolae_lair_liquid_snakes
Lair:2:   layout_misc_corridors, minmay_swamp_entry_worms,
          ebering_ghost_disaster_area, enter_volcano_3, portal_ice_cave_rime
Volcano:  pf_volcano_lost_world

Skill      XL: |  1  2  3  4  5  6  7  8  9 10 11 12 |
---------------+-------------------------------------+-----
Axes           | 2 3 5 7 9 11 13 14 | 14.3
Armour         | 1 3 4 |  4.6
Dodging        | 3 4 5 6 |  6.2
Fighting       | 5 6 8 |  8.8
Stealth        | |  4.1

Action                     |  1- 3 |  4- 6 |  7- 9 | 10-12 || total
---------------------------+-------+-------+-------+-------++-------
  Melee: Hand axe          |   138 |    78 |       |       ||   216
         Punch             |     1 |     1 |     8 |    16 ||    26
         Spear             |       |    99 |       |       ||    99
         Whip              |       |       |   112 |       ||   112
         Flail             |       |       |   164 |       ||   164
         War axe           |       |       |    85 |   545 ||   630
         Broad axe         |       |       |     9 |   222 ||   231
  Throw: Dart              |       |       |     9 |    47 ||    56
 Invoke: Potion Petition   |       |       |       |     4 ||     4
  Evoke: Wand              |       |     3 |    15 |    37 ||    55
    Use: Scroll            |       |     6 |     6 |     8 ||    20
   Stab: Sleeping          |     3 |     1 |     3 |       ||     7
         Distracted        |       |       |     1 |     2 ||     3
         Betrayed ally     |       |       |     1 |       ||     1
         Invisible         |       |       |     4 |    12 ||    16
 Armour: Leather armour    |    20 |       |       |       ||    20
         Ring mail         |    62 |     6 |       |       ||    68
         Plate armour      |       |    86 |    66 |   598 ||   750
         Scale mail        |       |    29 |   226 |       ||   255
  Dodge: Dodged            |    75 |    75 |   462 |   424 ||  1036

Table legend: (Time is in decaauts)
 A = Elapsed time spent in this place.
 B = Non-inter-level travel time spent in this place.
 C = Inter-level travel time spent in this place.
 D = Time resting spent in this place.
 E = Time spent auto-exploring this place.
 F = Levels seen in this place.
 G = Mean time per level.
                   A        B        C        D        E       F      G
               +--------+--------+--------+--------+--------+-----+--------+
         Total |  18089 |  15698 |   2391 |   4709 |   6722 |  17 | 1064.1 |
       Dungeon |  14732 |  12367 |   2365 |   3559 |   5657 |  11 | 1339.3 |
          Lair |   1617 |   1591 |     26 |    609 |    613 |   2 |  808.5 |
         Sewer |    365 |    365 |      0 |      0 |    218 |   1 |  365.0 |
       Ossuary |    316 |    316 |      0 |     47 |    107 |   1 |  316.0 |
        Bailey |    516 |    516 |      0 |    111 |     93 |   1 |  516.0 |
       Volcano |    541 |    541 |      0 |    383 |     34 |   1 |  541.0 |
               +--------+--------+--------+--------+--------+-----+--------+

Top non-repeatable levels by time:
     D:9: 2258 daAuts
     D:3: 2191 daAuts
     D:4: 1959 daAuts
    D:10: 1935 daAuts
  Lair:1: 1593 daAuts
     D:8: 1447 daAuts
     D:6: 1378 daAuts
     D:2: 1119 daAuts
     D:7: 813 daAuts
     D:1: 799 daAuts
     D:5: 716 daAuts
 Volcano: 541 daAuts
  Bailey: 516 daAuts
   Sewer: 365 daAuts
 Ossuary: 316 daAuts
